 Dungeon Crawl Stone Soup version 0.30-a0-331-g8ab09dc110 (webtiles) character file.

Game seed: 16591918855759521251

4 gruber the Chiller (level 1, -2/13 HPs)
             Began as a Demonspawn Ice Elementalist on Oct 29, 2022.
             Slain by a kobold
             ... wielding a +0 dagger
              (3 damage)
             ... on level 1 of the Dungeon.
             The game lasted 00:00:12 (77 turns).

gruber the Chiller (Demonspawn Ice Elementalist)      Turns: 77, Time: 00:00:13

Health: -2/13      AC:  2    Str:  8    XL:     1   Next: 58%
Magic:  1/3        EV: 12    Int: 16    God:
Gold:   23         SH:  0    Dex: 13    Spells: 3/4 levels left

rFire   . . .      SeeInvis .    (no weapon)
rCold   . . .      Faith    .    (no shield)
rNeg    . . .      Spirit   .    a - +0 robe
rPois   .          Reflect  .    (no helmet)
rElec   .          Harm     .    (no cloak)
rCorr   .          Rampage  .    (no gloves)
Will    .....                    (no boots)
Stlth   ++........               (no amulet)
HPRegen 0.22/turn                (no ring)
MPRegen 0.08/turn                (no ring)

@: no status effects
A: no striking features
a: no special abilities


You were on level 1 of the Dungeon.
You visited 1 branch of the dungeon, and saw 1 of its levels.

You collected 23 gold pieces.

Inventory:

Armour
 a - a +0 robe (worn)
Potions
 b - a potion of magic


   Skills:
 - Level 1.7 Dodging
 - Level 1.7 Stealth
 + Level 2.0 Spellcasting
 + Level 3.8 Ice Magic


You had 3 spell levels left.
You knew the following spells:

 Your Spells              Type           Power      Damage    Failure   Level
a - Freeze                Ice            56%        1d7       4%          1

Your spell library contained the following spells:

 Spells                   Type           Power      Damage    Failure   Level
 Frozen Ramparts          Ice            28%        1d5       13%         3
 Ozocubu's Armour         Ice            14%        N/A       13%         3
 Summon Ice Beast         Ice/Summ       7%         N/A       67%         4


Dungeon Overview and Level Annotations

Branches:
Dungeon (1/15)

Altars:


Message History

The jackal is heavily wounded.
The jackal closely misses you. The jackal bites you.
The goblin closely misses you.
You freeze the jackal.
You kill the jackal!
The jackal closely misses you. The goblin misses you.
A kobold comes into view. It is wielding a +0 dagger.
You are out of magic!
You are out of magic!
You are out of magic!
You hit the goblin.
The goblin is heavily wounded.
The jackal misses you. x2; The goblin hits you with a +0 club.
You hit the goblin.
You kill the goblin!
The jackal bites you.
You barely miss the jackal. The jackal bites you.
The jackal closely misses you.
You barely miss the jackal. The jackal barely misses you.
Your magical contamination has completely faded away.
You barely miss the kobold. The jackal barely misses you.
The kobold hits you with a +0 dagger.
You hit the kobold but do no damage. The jackal barely misses you. x2
The kobold hits you but does no damage.
You barely miss the kobold. The jackal bites you. The kobold misses you.
You are too injured to fight recklessly!
You hit the jackal.
The jackal is heavily wounded.
The jackal bites you. The jackal barely misses you.
The kobold hits you with a +0 dagger.
* * * LOW HITPOINT WARNING * * *
You barely miss the jackal.
The jackal is heavily wounded.
The jackal closely misses you. The kobold closely misses you.
You barely miss the jackal.
The jackal is heavily wounded.
The jackal bites you.
* * * LOW HITPOINT WARNING * * *
The kobold hits you with a +0 dagger.
You die...

..# ..# ..### #...#
#.$.# #### #..$# ...
#K).# #.## #@h.# #..##
#...##
#######..#######....###
........................
#######.##...#........##
##.####.#..........
###..####.#..........
#......##.#..........
###.#..##.#..........


You could see a jackal and a kobold.

Vanquished Creatures
  A goblin (D:1)
  A hobgoblin (D:1)
  A jackal (D:1)
  A frilled lizard (D:1)
4 creatures vanquished.

Notes
Turn   | Place    | Note
-------+----------+-------------------------------------------
     0 | D:1      | gruber the Demonspawn Ice Elementalist began the quest for
                  | the Orb.
     0 | D:1      | Reached XP level 1. HP: 13/13 MP: 3/3
    77 | D:1      | Slain by a kobold

Illustrated notes

Levels and vault maps discovered:
D:1:      dpeg_arrival_ternary, layout_basic, minivault_27,
          minmay_misc_feat_doors

Action                   || total
-------------------------++-------
Melee: Unarmed           ||    10
 Cast: Freeze            ||     4
Armor: Robe              ||     1
Dodge: Dodged            ||    16

Table legend: (Time is in decaauts)
 A = Elapsed time spent in this place.
 B = Non-inter-level travel time spent in this place.
 C = Inter-level travel time spent in this place.
 D = Time resting spent in this place.
 E = Time spent auto-exploring this place.
 F = Levels seen in this place.
 G = Mean time per level.
                   A        B        C        D        E       F      G
               +--------+--------+--------+--------+--------+-----+--------+
         Total |     77 |     77 |      0 |      0 |     50 |   1 |   77.0 |
       Dungeon |     77 |     77 |      0 |      0 |     50 |   1 |   77.0 |
               +--------+--------+--------+--------+--------+-----+--------+

Top non-repeatable levels by time:
     D:1: 77 daAuts
